 Dungeon Crawl Stone Soup version 0.31.0-11-ge490571c62 (webtiles) character file.

Game seed: 12048328790246941776

0 SnakkuSnakku7 the Magician (level 1, 0/13 HPs)
             Began as a Mummy Alchemist on Jan 27, 2024.
             Slain by a rat (2 damage)
             ... on level 1 of the Dungeon.
             The game lasted 00:00:15 (25 turns).

SnakkuSnakku7 the Magician (Mummy Alchemist)          Turns: 25, Time: 00:00:15

Health: 0/13       AC:  2    Str: 11    XL:     1   Next: 8%
Magic:  0/4        EV: 12    Int: 14    God:
Gold:   0          SH:  0    Dex: 12    Spells: 4/5 levels left

rFire   x . .        (no weapon)
rCold   + . .        (no shield)
rNeg    + + +        a - +0 robe
rPois   ∞            (no helmet)
rElec   .            (no cloak)
rCorr   .            (no gloves)
SInv    .            (no boots)
Will    .....        (no amulet)
Stlth   ++           (no ring)
HPRegen 0.22/turn    (no ring)
MPRegen 0.09/turn

%: faith
@: very slightly contaminated
A: cold resistance 1, negative energy resistance 3, torment resistance 2, heat
vulnerability 1, in touch with death 1, no potions, faith
a: no special abilities


You were on level 1 of the Dungeon.
You visited 1 branch of the dungeon, and saw 1 of its levels.

Inventory:

Armour
 a - a +0 robe (worn)
Scrolls
 b - a scroll of fog {unknown}


   Skills:
 + Level 0.2 Fighting
 - Level 1.5 Dodging
 - Level 1.5 Stealth
 - Level 2.6 Spellcasting
 - Level 0.7 Conjurations
 - Level 2.4 Alchemy


You had 4 spell levels left.
You knew the following spells:

 Your Spells              Type           Power      Damage    Failure   Level
a - Sting                 Conj/Alch      24%        1d4       12%         1

Your spell library contained the following spells:

 Spells                   Type           Power      Damage    Failure   Level
 Mercury Vapours          Alch/Air       10%        N/A       21%         2
 Mephitic Cloud           Conj/Alch/Air  4%         N/A       41%         3
 Olgreb's Toxic Radiance  Alch           8%         N/A       63%         4
 Sticky Flame             Fire/Alch      5%         2d4       80%         4


Dungeon Overview and Level Annotations

Branches:
Dungeon (1/15)

Altars:


Innate Abilities, Weirdness & Mutations

You are immune to poison.
Your flesh is cold resistant. (rC+)
You are immune to negative energy. (rN+++)
You are immune to unholy pain and torment.
You are vulnerable to heat. (rF-)
You are in touch with the powers of death.
You do not drink.
You have a special connection with the divine. (Faith)


Message History

You hit the giant cockroach.
The giant cockroach is moderately wounded.
The giant cockroach bites you.
The giant cockroach bites you but does no damage.
You hit the giant cockroach but do no damage.
The giant cockroach is moderately wounded.
The giant cockroach bites you but does no damage.
The giant cockroach bites you.
You closely miss the giant cockroach.
The giant cockroach is moderately wounded.
The giant cockroach bites you but does no damage.
The giant cockroach bites you. The giant cockroach barely misses you.
Aiming: Sting (safe; 12% risk of failure)
Press: ? - help, Q - select action Shift-Dir - straight line, f/p - giant cockroach
Aim: a giant cockroach (moderately wounded, 68% to hit)
You miscast Sting.
You are very lightly contaminated with residual magic.
Nothing appears to happen.
The giant cockroach barely misses you. The giant cockroach misses you.
The giant cockroach waves its antennae.
The giant cockroach bites you.
* * * LOW HITPOINT WARNING * * *
Unknown command.
The giant cockroach bites you.
* * * LOW HITPOINT WARNING * * *
There is a staircase leading out of the dungeon here.
You can't drink.
The giant cockroach attacks as it pursues you!
The giant cockroach barely misses you. The giant cockroach closely misses you.
The rat closely misses you.
You hit the rat.
The rat is moderately wounded.
The giant cockroach closely misses you. The giant cockroach barely misses you.
The rat barely misses you.
You closely miss the rat.
The rat is moderately wounded.
The giant cockroach barely misses you.
The giant cockroach bites you but does no damage.
The rat bites you.
You die...

##+#
#...
+...
#...
#...####
#...#..#
+...rBB#
#...#@.#
#.#.####
# #B ..
.. ...
...


You could see 2 giant cockroaches and a rat.

Vanquished Creatures
  A rat (D:1)
1 creature vanquished.

Notes
Turn   | Place    | Note
-------+----------+-------------------------------------------
     0 | D:1      | SnakkuSnakku7 the Mummy Alchemist began the quest for the
                  | Orb.
     0 | D:1      | Reached XP level 1. HP: 13/13 MP: 4/4
    25 | D:1      | Slain by a rat

Illustrated notes

Levels and vault maps discovered:
D:1:      dpeg_arrival_prison, layout_loops_ring,
          shapermc_ecumenical_altar_rom_forum

Action                     || total
---------------------------++-------
  Melee: Unarmed           ||    12
   Cast: Sting             ||     3
 Armour: Robe              ||    24
  Dodge: Dodged            ||    19
